 Dungeon Crawl Stone Soup version bcrawl-1.28.5 (webtiles) character file.

Game seed: 2891190881474856798

378264 Mehrunes the Arsonist (level 11, -5/91 HPs)
             Began as a Demigod Fire Elementalist on Jan 22, 2021.
             Slain by a bog body (16 damage)
             ... on level 2 of the Lair of Beasts.
             The game lasted 00:46:18 (10303 turns).

Mehrunes the Arsonist (Demigod Fire Elementalist)  Turns: 10303, Time: 00:46:19

Health: -5/91      AC:  8    Str: 18    XL:     11   Next: 48%
Magic:  20/27      EV: 16    Int: 19    God:    Demigod [***...]
Gold:   671        SH:  0    Dex: 17    Spells: 2/15 levels left

rFire    . . .     SeeInvis .   d - +1 dagger (holy)
rCold    . . .     Gourm    .   (no shield)
rNeg     . . .     Faith    .   o - +3 leather armour
rPois    .         Spirit   .   D - +0 helmet
rElec    .         Reflect  .   s - +0 cloak
rCorr    .         Harm     .   (no gloves)
MR       +....                  (no boots)
Stlth    ++........             G - amulet of magic regeneration
HPRegen  0.25/turn              (no ring)
MPRegen  0.45/turn              y - ring of magical power

@: studying Stealth
A: high mp 1
a: Temporal Distortion, Growth, Major Destruction


You were on level 2 of the Lair of Beasts.
You worshipped Demigod.
Demigod was most pleased with you.
You were hungry.

You visited 2 branches of the dungeon, and saw 10 of its levels.

You collected 671 gold pieces.

Inventory:

Hand Weapons
 d - a +1 dagger of holy wrath (weapon)
 j - a -1 hand axe
 t - a +4 quarterstaff of chaos
 M - a +2 dagger of venom
Missiles
 c - 1655 stones (quivered)
 N - 2 throwing nets {=f}
Armour
 a - a +0 robe
 n - a +0 leather armour
 o - a +3 leather armour (worn)
 s - a +0 cloak (worn)
 B - a +0 plate armour
 D - a +0 helmet (worn)
 L - a +0 troll leather armour
 O - a +0 chain mail
Jewellery
 r - an uncursed amulet of guardian spirit
 w - an uncursed ring of resist corrosion
 y - a ring of magical power (right hand)
 G - an amulet of magic regeneration (around neck)
 R - an uncursed ring of fire
Wands
 F - a wand of iceblast (10)
 H - a wand of digging (5)
 Q - a wand of enslavement (10)
Scrolls
 f - 2 scrolls of immolation
 g - 4 scrolls of remove curse
 h - 4 scrolls of amnesia
 i - 2 scrolls of teleportation
 k - 4 scrolls of enchant armour
 l - a scroll of fear {unknown}
 p - a scroll of noise {unknown}
 J - 2 scrolls of magic mapping
 K - a scroll of silence
Potions
 b - 4 potions of might
 m - 2 potions of lignification
 q - 3 potions of curing
 v - a potion of resistance {unknown}
 x - a potion of ambrosia {unknown}
 z - a potion of berserk rage {unknown}
 A - 2 potions of mutation {unknown}
 C - 2 potions of heal wounds {unknown}
 E - 3 potions of magic
 I - 2 potions of flight {unknown}
 P - a potion of cancellation {unknown}
Books
 u - a manual of Stealth
Comestibles
 e - 18 rations {!d}


   Skills:
 + Level 6.4 Fighting
 + Level 6.8 Dodging
 - Level 2.0 Stealth
 - Level 2.8 Spellcasting
 - Level 9.9 Conjurations
 - Level 10.2 Fire Magic


You had 2 spell levels left.
You knew the following spells:

 Your Spells              Type           Power        Failure   Level  Hunger
a - Flame Tongue          Conj/Fire      #####        1%          1    None
b - Conjure Flame         Conj/Fire      #####...     1%          3    ####...
c - Sticky Flame          Conj/Fire      #####...     3%          4    #####..
d - Fireball              Conj/Fire      #####.....   9%          5    #######

Your spell library contained the following spells:

 Spells                   Type           Power        Failure   Level  Hunger
 Flaming Arrows           Chrm/Fire      ###.....     3%          2    #......
 Sandblast                Erth           #.....       19%         1    None
 Summon Small Mammal      Summ           #...         19%         1    None
 Call Imp                 Summ           #.....       28%         2    #......
 Passwall                 Tmut/Erth      #.......     28%         2    #......
 Poisonous Vapours        Pois/Air       #.....       28%         2    #......
 Inner Flame              Hex/Fire       N/A          7%          3    ####...
 Stone Arrow              Conj/Erth      ###...       8%          3    ####...
 Mephitic Cloud           Conj/Pois/Air  ###.....     14%         3    ####...
 Call Canine Familiar     Summ           #.......     50%         3    ####...
 Petrify                  Tmut/Erth      #.........   88%         4    #####..
 Summon Ice Beast         Ice/Summ       #.......     88%         4    #####..
 Steam Barrier            Chrm/Fire      ###.......   98%         6    #######
 Lee's Rapid Deconstruct  Erth           #.........   99%         5    #######
 Summon Lightning Spire   Summ/Air       #.......     99%         5    #######
 Summon Mana Viper        Hex/Summ       #.......     99%         5    #######
 Freezing Cloud           Ice/Air        #.........   100%        6    #######
 Summon Hydra             Summ           #.........   100%        6    #######
 Monstrous Menagerie      Summ           #.........   100%        7    #######


Dungeon Overview and Level Annotations

Branches:
Dungeon (8/12)             Temple (0/1) D:6            Lair (2/6) D:8
    Orc (0/1) D:8
  Swamp: Lair:2-4    Shoals: Lair:2-4     Snake: Lair:2-4    Spider: Lair:2-4

Shops:
D:4 (   D:7 }

Annotations:
D:2 Sigmund
D:7 exclusion: statue
D:8 Harold


Innate Abilities, Weirdness & Mutations

You have an increased reservoir of magic. (+10% MP)


Message History

Confirm with . or Enter, or press ? or * to list all spells.
Aiming: Sticky Flame (safe; 3% risk of failure)
Press: ? - help, Shift-Dir - straight line, f/p - bog body
Aim: a bog body (moderately damaged)
The sticky flame hits the bog body.
The bog body resists.
The bog body is heavily damaged.
The bog body is covered in liquid flames!
The bog body burns!
The bog body points at you and mumbles some strange words.
You easily resist.
Casting: Sticky Flame (safe; 3% risk of failure)
Confirm with . or Enter, or press ? or * to list all spells.
Aiming: Flame Tongue (safe; 1% risk of failure)
Press: ? - help, Shift-Dir - straight line, f/p - bog body
Aim: a bog body (heavily damaged, covered in liquid flames)
The flame tongue hits the bog body.
The bog body resists.
The bog body is severely damaged.
The bog body burns!
The bog body hits you!
You die...
Your divinity fades.

#######..##.#......####
................⌠⌠....#
...............♣..♣...#
....##.#..#....♣..♣...#
...####..#....♣♣..♣♣..#
..............♣≈..≈♣..#
..............♣≈..≈♣ .#
..............♣≈..≈♣ .#
...........##.♣≈@.≈♣
...........##♣♣≈n.≈♣
.............♣♣≈..♣♣
.............♣♣≈.♣≈
######..#.#..♣♣≈..≈♣
###.....####♣♣≈..≈♣
.............♣♣≈..≈♣
.............♣♣♣§♣♣
...###......♣♣


You could see a bog body (burning).

Vanquished Creatures
  Gastronok (D:8)
  Psyche (D:8)
  Joseph (D:8)
  A cane toad (Lair:1)
  A komodo dragon (Lair:1)
  A troll (D:8)
  Prince Ribbit (D:6)
  3 blink frogs (Lair:1)
  2 hippogriffs
  A yak (D:8)
  A steam dragon (D:8)
  Grum (D:8)
  A human (D:8)
  Menkaure (D:7)
  A swamp worm (Lair:2)
  2 wargs (D:8)
  2 water moccasins
  2 crocodiles
  2 porcupines (D:8)
  2 ice beasts
  A black bear (D:6)
  A sky beast (D:8)
  3 orc warriors
  A phantom (D:8)
  3 wolves (D:8)
  6 centaurs
  4 ogres
  5 bullfrogs
  A big kobold (D:4)
  4 scorpions
  6 killer bees (D:8)
  A wight (D:5)
  2 crimson imps
  3 bullfrog zombies
  5 jellies
  Crazy Yiuf (D:2)
  8 orc priests
  6 hounds
  3 iguanas
  4 worker ants
  7 orc wizards
  2 howler monkey skeletons
  3 gnolls (D:3)
  5 adders
  2 oozes
  2 adder skeletons (D:8)
  2 worms (D:5)
  3 dart slugs
  6 leopard geckos
  24 orcs
  2 ball pythons (D:1)
  2 giant cockroaches
  2 hobgoblins (D:2)
  A quokka (D:4)
  7 bats
  A frilled lizard (D:1)
  3 goblins
  7 kobolds
  7 rats
184 creatures vanquished.

Vanquished Creatures (others)
  15 fungi (D:8)
  12 plants (D:8)
27 creatures vanquished.

Grand Total: 211 creatures vanquished

Notes
Turn   | Place    | Note
-------+----------+-------------------------------------------
     0 | D:1      | Mehrunes the Demigod Fire Elementalist began the quest for
                  | the Orb.
     0 | D:1      | Reached XP level 1. HP: 14/14 MP: 5/5
   133 | D:1      | Reached skill level 1 in Conjurations
   297 | D:1      | Reached skill level 3 in Fire Magic
   341 | D:1      | Reached XP level 2. HP: 13/20 MP: 4/7
   910 | D:2      | Found a shimmering altar of Xom.
  1087 | D:2      | Reached XP level 3. HP: 26/26 MP: 5/8
  1232 | D:2      | Noticed Sigmund
  1299 | D:3      | Learned a level 3 spell: Conjure Flame
  1302 | D:3      | Found an opulent altar of Gozag.
  1441 | D:3      | Reached * piety under Demigod
  1833 | D:3      | Reached XP level 4. HP: 33/33 MP: 5/9
  2213 | D:3      | Reached skill level 4 in Fire Magic
  2213 | D:3      | Reached XP level 5. HP: 23/38 MP: 10/10
  3271 | D:2      | Found a runed door.
  3275 | D:2      | Noticed Crazy Yiuf
  3283 | D:2      | Killed Crazy Yiuf
  3454 | D:4      | Reached skill level 1 in Fighting
  3454 | D:4      | Reached XP level 6. HP: 24/47 MP: 4/11
  3593 | D:4      | Learned a level 4 spell: Sticky Flame
  3604 | D:4      | Found a hide-covered altar of Uskayaw.
  3760 | D:4      | Reached XP level 7. HP: 28/56 MP: 4/12
  3920 | D:4      | Found Roru's Antique Weapon Emporium.
  3965 | D:4      | Found a glowing silver altar of Zin.
  4482 | D:5      | Entered Level 5 of the Dungeon
  4705 | D:5      | Reached XP level 8. HP: 67/67 MP: 13/13
  4787 | D:5      | Reached skill level 5 in Dodging
  5015 | D:5      | Reached ** piety under Demigod
  5099 | D:5      | Reached skill level 5 in Fighting
  5794 | D:6      | Noticed a hippogriff
  5815 | D:6      | Killed a hippogriff
  5816 | D:6      | Reached skill level 5 in Fire Magic
  5948 | D:6      | Found a staircase to the Ecumenical Temple.
  6082 | D:6      | Noticed Prince Ribbit
  6097 | D:6      | Killed Prince Ribbit
  6098 | D:6      | Reached XP level 9. HP: 70/74 MP: 15/15
  6349 | D:6      | Reached skill level 5 in Conjurations
  6423 | D:6      | Found an ancient bone altar of Kikubaaqudgha.
  6497 | D:6      | Learned a level 5 spell: Fireball
  6533 | D:7      | Found an ornate altar of the Wu Jian Council.
  6641 | D:7      | Reached skill level 6 in Fire Magic
  6700 | D:7      | Found Supocech's Gadget Boutique.
  6700 | D:7      | Noticed Menkaure
  6707 | D:7      | Killed Menkaure
  6893 | D:7      | Found a radiant altar of Vehumet.
  7077 | D:8      | Noticed Grum
  7183 | D:8      | Noticed Psyche
  7198 | D:8      | Killed Psyche
  7199 | D:8      | Reached skill level 7 in Fire Magic
  7255 | D:8      | Noticed Joseph
  7269 | D:8      | Reached *** piety under Demigod
  7437 | D:8      | Killed Joseph
  7438 | D:8      | Reached XP level 10. HP: 23/81 MP: 6/17
  7617 | D:8      | Reached skill level 8 in Fire Magic
  7794 | D:8      | Noticed Gastronok
  7809 | D:8      | Killed Gastronok
  7810 | D:8      | Reached skill level 9 in Fire Magic
  8063 | D:8      | Reached XP level 11. HP: 88/88 MP: 18/18
  8342 | D:8      | Found a staircase to the Orcish Mines.
  8453 | D:8      | Killed Grum
  8459 | D:8      | Reached skill level 10 in Fire Magic
  8678 | D:8      | Found a staircase to the Lair.
  8762 | D:8      | Noticed Harold
  9157 | Lair:1   | Entered Level 1 of the Lair of Beasts
  9260 | Lair:1   | Found a sparkling altar of Nemelex Xobeh.
 10303 | Lair:2   | Slain by a bog body

Skill      XL: |  1  2  3  4  5  6  7  8  9 10 11 |
---------------+----------------------------------+-----
Conjurations   | 1 2 3 4 7 9 |  9.9
Fire Magic     | 3 4 5 7 9 10 | 10.2
Fighting       | 1 2 4 5 6 |  6.4
Dodging        | 2 3 4 5 6 |  6.8
Spellcasting   | 2 |  2.8
Stealth        | |  2.0

Action                   |  1- 3 |  4- 6 |  7- 9 | 10-12 || total
-------------------------+-------+-------+-------+-------++-------
Melee: Unarmed           |     1 |       |       |       ||     1
       Dagger            |       |    27 |    14 |     2 ||    43
 Cast: Flame Tongue      |    56 |    66 |   247 |   245 ||   614
       Conjure Flame     |     1 |     2 |    17 |    16 ||    36
       Sticky Flame      |       |       |     4 |    14 ||    18
       Fireball          |       |       |       |     1 ||     1
  Use: Scroll            |       |     3 |       |     9 ||    12
       Potion            |       |     1 |       |       ||     1
  Eat: Chunk             |     4 |     5 |    14 |     9 ||    32
       Ration            |       |     1 |     1 |     2 ||     4
Armor: Robe              |     3 |       |       |       ||     3
       Leather armour    |     4 |    19 |    35 |    19 ||    77
       Skin              |       |     9 |       |       ||     9
Dodge: Dodged            |    13 |    26 |    84 |   105 ||   228
